 Dungeon Crawl Stone Soup version 0.30-a0-422-g946f4849ff (webtiles) character file.

Game seed: 3357972351618579802

473 AigisTheKnight the Digger (level 7, -8/40 HPs)
             Began as a Gargoyle Earth Elementalist on Dec 9, 2022.
             Was an Initiate of the Shining One.
             Mangled by a gnoll sergeant
             ... wielding a +0 trident
              (10 damage)
             ... on level 5 of the Dungeon.
             The game lasted 00:06:12 (3878 turns).

AigisTheKnight the Digger (GrEE)                    Turns: 3878, Time: 00:06:12

Health: -8/40      AC:  7    Str: 12    XL:     7   Next: 10%
Magic:  1/12       EV: 11    Int: 17    God:    the Shining One [......]
Gold:   337        SH:  4    Dex: 14    Spells: 6/12 levels left

rFire   . . .      SeeInvis .    k - +1 spear (freeze)
rCold   + . .      Faith    .    g - +0 buckler
rNeg    + . .      Spirit   .    C - +0 robe of Waopakaf {rC+ Dex+4}
rPois   ∞          Reflect  .    (no helmet)
rElec   +          Harm     .    (no cloak)
rCorr   .          Rampage  .    (no gloves)
Will    .....                    (no boots)
Stlth   +.........               (no amulet)
HPRegen 0.26/turn                (no ring)
MPRegen 0.13/turn                (no ring)

@: glowing
A: sickness immunity, AC +4, negative energy resistance 1, electricity
resistance, torment resistance 1, petrification resistance
a: Renounce Religion


You were on level 5 of the Dungeon.
You worshipped the Shining One.
The Shining One was noncommittal.
You visited 1 branch of the dungeon, and saw 5 of its levels.

You collected 337 gold pieces.

Inventory:

Hand Weapons
 j - a +0 spear
 k - a +1 spear of freezing (weapon)
Missiles
 r - 5 javelins (quivered)
Armour
 a - a +0 robe
 g - a +0 buckler (worn)
 s - a +0 scale mail
 C - the +0 robe of Waopakaf (worn) {rC+ Dex+4}
   (You found it on level 5 of the Dungeon)

   Dex:       It affects your dexterity (+4).
   rC:        It protects you from cold.
Scrolls
 d - 9 scrolls of identify {unknown}
 f - a scroll of noise {unknown}
 i - a scroll of immolation {unknown}
 l - 2 scrolls of fear {unknown}
 o - 3 scrolls of magic mapping {unknown}
 q - 2 scrolls of amnesia {unknown}
 v - a scroll of summoning {unknown}
 y - 2 scrolls of teleportation {unknown}
 A - a scroll of enchant weapon {unknown}
 B - a scroll of butterflies {unknown}
Potions
 b - 2 potions of magic
 c - 3 potions of heal wounds {unknown}
 e - 4 potions of mutation {unknown}
 h - a potion of curing {unknown}
 m - 2 potions of attraction {unknown}
 n - a potion of experience {unknown}
 p - a potion of might {unknown}
 t - a potion of ambrosia {unknown}
 u - 3 potions of haste
 w - 2 potions of brilliance {unknown}
 x - a potion of invisibility {unknown}
 z - a potion of degeneration {unknown}


   Skills:
 + Level 2.9 Fighting
 + Level 3.1 Armour
 - Level 1.5 Dodging
 - Level 2.1 Stealth
 + Level 2.6 Shields
 + Level 3.3 Spellcasting
 - Level 0.7 Transmutations
 + Level 5.1 Earth Magic
 + Level 2.6 Invocations


You had 6 spell levels left.
You knew the following spells:

 Your Spells              Type           Power      Damage    Failure   Level
a - Sandblast             Erth           40%        2d10      2%          1
b - Stone Arrow           Conj/Erth      22%        3d8       24%         3
c - Passwall              Tmut/Erth      10%        N/A       10%         2

Your spell library contained the following spells:

 Spells                   Type           Power      Damage    Failure   Level
 Petrify                  Tmut/Erth      12%        N/A       54%         4


Dungeon Overview and Level Annotations

Branches:
Dungeon (5/15)             Temple (0/1) D:4

Altars:
Dithmenos
The Shining One

Shops:
D:4 !

Annotations:
D:5 1 runed translucent door, Crazy Yiuf


Innate Abilities, Weirdness & Mutations

You are immune to sickness and miasma.
Your stone body is resilient. (AC +4)
You are immune to poison.
You resist negative energy. (rN+)
You are resistant to electric shocks. (rElec)
You are resistant to unholy torment.
You are immune to petrification.


Message History

Casting: Sandblast (safe; 2% risk of failure)
Confirm with . or Enter, or press ? or * to list all spells.
Aiming: Sandblast (safe; 2% risk of failure)
Press: ? - help, Shift-Dir - straight line, f/p - gnoll sergeant
Aim: a gnoll sergeant, wielding a +0 trident, wearing a +0 ring mail and wearing a +0 buckler (heavily wounded, 87% to hit)
The blast of sand hits the gnoll sergeant but does no damage.
The gnoll sergeant is heavily wounded.
The gnoll sergeant barely misses you.
The gnoll sergeant hits you from afar with a +0 trident!
Casting: Sandblast (safe; 2% risk of failure)
Confirm with . or Enter, or press ? or * to list all spells.
Aiming: Sandblast (safe; 2% risk of failure)
Press: ? - help, Shift-Dir - straight line, f/p - gnoll sergeant
Aim: a gnoll sergeant, wielding a +0 trident, wearing a +0 ring mail and wearing a +0 buckler (heavily wounded, 87% to hit)
The blast of sand hits the gnoll sergeant but does no damage.
The gnoll sergeant is heavily wounded.
The gnoll sergeant hits you from afar with a +0 trident!
* * * LOW HITPOINT WARNING * * *
Casting: Sandblast (safe; 2% risk of failure)
Confirm with . or Enter, or press ? or * to list all spells.
Aiming: Sandblast (safe; 2% risk of failure)
Press: ? - help, Shift-Dir - straight line, f/p - gnoll sergeant
Aim: a gnoll sergeant, wielding a +0 trident, wearing a +0 ring mail and wearing a +0 buckler (heavily wounded, 87% to hit)
The blast of sand hits the gnoll sergeant but does no damage.
The gnoll sergeant is heavily wounded.
The gnoll sergeant hits you from afar with a +0 trident.
* * * LOW HITPOINT WARNING * * *
The gnoll sergeant hits you but does no damage.
Casting: Sandblast (safe; 2% risk of failure)
Confirm with . or Enter, or press ? or * to list all spells.
Aiming: Sandblast (safe; 2% risk of failure)
Press: ? - help, Shift-Dir - straight line, f/p - gnoll sergeant
Aim: a gnoll sergeant, wielding a +0 trident, wearing a +0 ring mail and wearing a +0 buckler (heavily wounded, 87% to hit)
The blast of sand hits the gnoll sergeant but does no damage.
The gnoll sergeant is heavily wounded.
The gnoll sergeant hits you from afar with a +0 trident.
* * * LOW HITPOINT WARNING * * *
There is an escape hatch in the floor here.
The gnoll sergeant hits you from afar with a +0 trident!
You die...

#......).# #.#######
..#.#.#..####.......#
...............###.#
...#.###.......#.##...###.#
......)....##..#.##....∩..##
...#####..#..>..........^...
#..#.#..#.......##.##
#.g#.#..####.......##
#...@...# #(#####.##
####.#######.#####.##
####...## #..........##
#.......# #......<#####
#.##.##.# #.......#
#.##.##.# #.......#####
#.##....# #............
#.####..# #.......#####
#.####..# #.......##...


You could see a gnoll sergeant.

Vanquished Creatures
  A black bear (D:4)
  A scorpion (D:4)
  3 orc priests (D:5)
  A hound (D:4)
  A jelly (D:5)
  An orc wizard (D:5)
  5 gnolls
  5 adders
  2 worms
  4 orcs (D:5)
  5 endoplasms
  5 giant cockroaches
  4 goblins
  5 hobgoblins
  3 quokkas
  8 ball pythons
  2 bats
  7 frilled lizards
  2 kobolds
  9 rats
74 creatures vanquished.

Notes
Turn   | Place    | Note
-------+----------+-------------------------------------------
     0 | D:1      | AigisTheKnight the Gargoyle Earth Elementalist began the
                  | quest for the Orb.
     0 | D:1      | Reached XP level 1. HP: 10/10 MP: 3/3
   142 | D:1      | Reached XP level 2. HP: 16/16 MP: 0/5
   382 | D:1      | Reached skill level 1 in Armour
   562 | D:1      | Reached skill level 1 in Fighting
   578 | D:1      | Reached skill level 4 in Earth Magic
   879 | D:2      | Reached XP level 3. HP: 20/20 MP: 4/6
   955 | D:2      | Found a glowing golden altar of the Shining One.
   970 | D:2      | Became a worshipper of the Shining One
  1435 | D:2      | Reached XP level 4. HP: 25/25 MP: 3/7
  1848 | D:2      | Reached skill level 1 in Shields
  1852 | D:2      | Reached skill level 1 in Invocations
  2105 | D:3      | Found a shadowy altar of Dithmenos.
  2302 | D:3      | Found a faded altar of an unknown god.
  2737 | D:4      | Reached XP level 5. HP: 30/30 MP: 5/8
  2819 | D:4      | Found a staircase to the Ecumenical Temple.
  2827 | D:4      | Noticed a black bear
  3251 | D:4      | Killed a black bear
  3252 | D:4      | Reached XP level 6. HP: 36/36 MP: 6/10
  3308 | D:4      | Found Nuroann's Distillery.
  3399 | D:5      | Entered Level 5 of the Dungeon
  3438 | D:5      | Learned a level 3 spell: Stone Arrow
  3441 | D:5      | Learned a level 2 spell: Passwall
  3539 | D:5      | Found a runed translucent door.
  3540 | D:5      | Noticed Crazy Yiuf
  3613 | D:5      | Reached skill level 5 in Earth Magic
  3692 | D:5      | Reached XP level 7. HP: 40/40 MP: 7/11
  3805 | D:5      | Identified the +0 robe of Waopakaf {rC+ Dex+4}
  3872 | D:5      | HP: 1/40 [gnoll sergeant/+0 trident (4)]
  3878 | D:5      | Mangled by a gnoll sergeant

Illustrated notes

Levels and vault maps discovered:
D:1:      kennysheep_arrival_forest, layout_rooms, grunt_decor_mini_mirrors,
          st_stairs_3
D:2:      layout_loops_corners, basic_altar, supply_closet_lemuel
D:3:      layout_loops_cross, mainiacjoe_overflow_six_doors_small,
          ebering_ecumenical_altar_webs
D:4:      layout_cave_pools, minmay_temple_entry_slanted, serial_shops,
          nicolae_lakefront_shop, kennysheep_generic_room_15
D:5:      layout_loops_cross, kennysheep_mini, serial_glass, glass_columns_a,
          glass_columns_b, glass_columns_b, due_unseen_surprise,
          minmay_strange_pillars, ebering_ghost_sewer_d, abandoned_shop,
          uniq_crazy_yiuf_cottage

Skill      XL: |  1  2  3  4  5  6 |
---------------+-------------------+-----
Armour         | 1 2 3 |  3.1
Fighting       | 1 2 |  2.9
Earth Magic    | 4 5 |  5.1
Shields        | 1 2 |  2.6
Invocations    | 1 2 |  2.6
Spellcasting   | 3 |  3.3
Dodging        | |  1.5
Stealth        | |  2.1
Transmutations | |  0.7

Action                   |  1- 3 |  4- 6 |  7- 9 || total
-------------------------+-------+-------+-------++-------
Melee: Unarmed           |    27 |       |       ||    27
       Spear             |       |    62 |       ||    62
 Cast: Sandblast         |    47 |    46 |    18 ||   111
       Passwall          |       |     2 |       ||     2
Armor: Robe              |    17 |    17 |     4 ||    38
Dodge: Dodged            |    43 |    40 |     8 ||    91
Block: Buckler           |       |    12 |     1 ||    13

Table legend: (Time is in decaauts)
 A = Elapsed time spent in this place.
 B = Non-inter-level travel time spent in this place.
 C = Inter-level travel time spent in this place.
 D = Time resting spent in this place.
 E = Time spent auto-exploring this place.
 F = Levels seen in this place.
 G = Mean time per level.
                   A        B        C        D        E       F      G
               +--------+--------+--------+--------+--------+-----+--------+
         Total |   3941 |   3830 |    111 |     63 |   3137 |   5 |  788.2 |
       Dungeon |   3941 |   3830 |    111 |     63 |   3137 |   5 |  788.2 |
               +--------+--------+--------+--------+--------+-----+--------+

Top non-repeatable levels by time:
     D:2: 1143 daAuts
     D:1: 861 daAuts
     D:3: 755 daAuts
     D:4: 687 daAuts
     D:5: 494 daAuts
